 Dungeon Crawl Stone Soup version 0.27.1-2-g3b301248ec (webtiles) character file.

Game seed: 18149974016221488505

190 Kinoniko the Chopper (level 5, -1/45 HPs)
             Began as a Hill Orc Fighter on Oct 1, 2021.
             Slain by Grinder (4 damage)
             ... on level 3 of the Dungeon.
             The game lasted 00:01:43 (2124 turns).

Kinoniko the Chopper (Hill Orc Fighter)             Turns: 2124, Time: 00:01:44

Health: -1/45      AC:  6    Str: 20    XL:     5   Next: 69%
Magic:  5/5        EV:  9    Int:  8    God:
Gold:   59         SH:  0    Dex: 10    Spells: 4/4 levels left

rFire    . . .     SeeInvis +   a - +0 war axe
rCold    . . .     Faith    .   (no shield)
rNeg     . . .     Spirit   .   b - +0 scale mail
rPois    .         Reflect  .   (no helmet)
rElec    .         Harm     .   (no cloak)
rCorr    .         Rampage  .   (no gloves)
Will     .....                  (no boots)
Stlth    ..........             (no amulet)
HPRegen  0.15/turn              i - ring of see invisible
MPRegen  0.09/turn              (no ring)

@: mighty
A: no striking features
a: no special abilities


You were on level 3 of the Dungeon.
You visited 1 branch of the dungeon, and saw 3 of its levels.

You collected 59 gold pieces.

Inventory:

Hand Weapons
 a - a +0 war axe (weapon)
 n - a +1 flail of venom
Armour
 b - a +0 scale mail (worn)
 c - a +0 kite shield
Jewellery
 i - a ring of see invisible (left hand)
Wands
 l - a wand of charming (9)
Scrolls
 g - a scroll of noise {unknown}
 h - 3 scrolls of identify {unknown}
 j - a scroll of magic mapping {unknown}
 o - a scroll of enchant weapon {unknown}
 p - a scroll of fear {unknown}
Potions
 e - a potion of invisibility {unknown}
 f - a potion of brilliance {unknown}
 k - a potion of flight {unknown}
 m - a potion of heal wounds {unknown}


   Skills:
 - Level 3.6 Fighting
 * Level 7.6 Axes
 - Level 3.2 Armour
 - Level 3.2 Shields


You had 4 spell levels left.
You didn't know any spells.
Your spell library was empty.

Dungeon Overview and Level Annotations

Branches:
Dungeon (3/15)

Altars:

Annotations:
D:3 Grinder


Message History

The dart slug launches a dart at you. The slug dart hits you.
You slash the dart slug!
You kill the dart slug!
You barely miss the hobgoblin.
The hobgoblin hits you but does no damage.
Grinder gestures at you. Pain shoots through your body!
The hobgoblin hits you but does no damage.
You feel very mighty all of a sudden.
The hobgoblin hits you but does no damage.
You are too injured to fight recklessly!
Unknown command.
You are too injured to fight recklessly!
Unknown command.
Unknown command.
You hit the hobgoblin.
You kill the hobgoblin!
Unknown command.
Grinder hits you but does no damage.
Unknown command.
You slash Grinder!
Grinder is moderately wounded.
Grinder barely misses you.
You slash Grinder!
Grinder is severely wounded.
Grinder hits you.
You writhe in agony.
You closely miss Grinder.
Grinder is severely wounded.
Grinder hits you.
* * * LOW HITPOINT WARNING * * *
You writhe in agony.
* * * LOW HITPOINT WARNING * * *
Unknown command.
You closely miss Grinder.
Grinder is severely wounded.
Grinder hits you.
* * * LOW HITPOINT WARNING * * *
You writhe in agony.
You die...

# #####################
###.......#.....#.....##
.##....................#
PPPP.PPP.....$..........
.......P................
.PPPPPPP........@.......
...P...P.........5>.....
PP.P.P.P<.........<.....
.P.P.P.P#...............
.PPP.PPP##.............#
..)†...P###.....#.....##
PP.P.PPP###############
.P.P......###
.P.P.P.P#...#


You could see Grinder.

Vanquished Creatures
  A necrophage (D:3)
  Jessica (D:2)
  2 adders (D:2)
  A worm (D:2)
  2 dart slugs (D:3)
  5 ball pythons
  6 bats
  4 endoplasms
  4 giant cockroaches
  3 goblins
  7 hobgoblins
  2 quokkas (D:1)
  A frilled lizard (D:2)
  7 kobolds
  6 rats
52 creatures vanquished.

Notes
Turn   | Place    | Note
-------+----------+-------------------------------------------
     0 | D:1      | Kinoniko the Hill Orc Fighter began the quest for the Orb.
     0 | D:1      | Reached XP level 1. HP: 19/19 MP: 1/1
    86 | D:1      | Reached skill level 3 in Axes
   347 | D:1      | Noticed a shining eye
   349 | D:1      | Found a faded altar of an unknown god.
   352 | D:1      | Reached XP level 2. HP: 26/26 MP: 2/2
   353 | D:1      | Noticed a shining eye
   365 | D:1      | Noticed a golden eye
   369 | D:1      | Noticed a golden eye
   522 | D:1      | Reached skill level 4 in Axes
   677 | D:1      | Reached XP level 3. HP: 30/31 MP: 3/3
  1038 | D:2      | Reached skill level 5 in Axes
  1349 | D:2      | Reached XP level 4. HP: 39/39 MP: 4/4
  1533 | D:2      | Noticed Jessica
  1535 | D:2      | Killed Jessica
  1536 | D:2      | Reached skill level 6 in Axes
  1996 | D:3      | Noticed a necrophage
  2010 | D:3      | Killed a necrophage
  2011 | D:3      | Reached skill level 7 in Axes
  2011 | D:3      | Reached XP level 5. HP: 37/45 MP: 5/5
  2110 | D:3      | Noticed Grinder
  2124 | D:3      | Slain by Grinder

Illustrated notes

Levels and vault maps discovered:
D:1:      minmay_arrival_loop, layout_loops_ring,
          hellmonk_ecumenical_altar_watching_god, st_stairs_12,
          minmay_tetromino_t4
D:2:      layout_loops_ring, uniq_jessica
D:3:      layout_rooms, minmay_hedge_maze, uniq_grinder

Skill      XL: |  1  2  3  4 |
---------------+-------------+-----
Axes           | 3 4 5 7 |  7.6
Fighting       | |  3.6
Armour         | |  3.2
Shields        | |  3.2

Action                   |  1- 3 |  4- 6 || total
-------------------------+-------+-------++-------
Melee: War axe           |   103 |    66 ||   169
  Use: Potion            |       |     1 ||     1
Armor: Scale mail        |    57 |    25 ||    82
Dodge: Dodged            |    60 |    21 ||    81
